 Dungeon Crawl Stone Soup version 0.20.1-1-g8b1a95d (webtiles) character file.

11 RicoPT the Ducker (level 2, -1/13 HPs)
             Began as a Spriggan Earth Elementalist on Oct 24, 2017.
             Slain by a jackal (3 damage)
             ... on level 1 of the Dungeon.
             The game lasted 00:05:05 (944 turns).

RicoPT the Ducker (Spriggan Earth Elementalist)      Turns: 944, Time: 00:05:05

Health: -1/13      AC:  2    Str:  4    XL:     2   Next: 13%
Magic:  6/6        EV: 18    Int: 16    God:
Gold:   0          SH:  0    Dex: 16    Spells: 5/6 levels left

rFire    . . .     SeeInvis +   f - +0 short sword
rCold    . . .     Gourm    .   (shield restricted)
rNeg     . . .     Faith    .   c - +0 robe
rPois    .         Spirit   .   (helmet restricted)
rElec    .         Reflect  .   (no cloak)
rCorr    .         Harm     .   (gloves unavailable)
MR       .....                  (boots unavailable)
Stlth    ++........             (no amulet)
Regen    0.1/turn               (no ring)
MPRegen  0.1/turn               (no ring)

@: very quick
A: unfitting armour, see invisible, herbivore 3, speed 3, slow metabolism 2
a: no special abilities


You were on level 1 of the Dungeon.
You were not hungry.

You visited 1 branch of the dungeon, and saw 1 of its levels.

Inventory:

Hand Weapons
 f - a +0 short sword (weapon)
 i - a +0 dagger
Missiles
 b - 27 stones (quivered)
Armour
 c - a +0 robe (worn)
Scrolls
 a - a scroll of fear {unknown}
 h - a scroll of fog {unknown}
Books
 e - a book of Geomancy

   Spells                             Type                      Level
   a - Sandblast                      Earth                        1
   b - Passwall                       Transmutation/Earth          2
   c - Stone Arrow                    Conjuration/Earth            3
   d - Petrify                        Transmutation/Earth          4
   e - Lee's Rapid Deconstruction     Earth                        5
Comestibles
 d - a bread ration
 g - 8 chunks of flesh


   Skills:
 + Level 3.1 Dodging
 + Level 3.1 Stealth
 + Level 0.1 Unarmed Combat
 + Level 2.6 Spellcasting
   Level 1.3 Transmutations
 + Level 3.1 Earth Magic


You had 5 spell levels left.
You knew the following spells:

 Your Spells              Type           Power        Failure   Level  Hunger
a - Sandblast             Erth           ##....       5%          1    #......


Dungeon Overview and Level Annotations

Branches:
Dungeon (1/15)

Altars:


Innate Abilities, Weirdness & Mutations

You are very small and have problems with some larger weapons.
You are too small for most types of armour.
You have supernaturally acute eyesight. (SInv)
You are a herbivore.
You cover ground extremely quickly.
You need consume almost no food.


Message History

You throw a stone. The stone barely misses the jackal.
Throwing (i - inventory):
b - 29 stones (quivered)
Press: ? - help, Shift-Dir - straight line, f/p - jackal
Aim: a jackal You throw a stone.
The stone hits the jackal but does no damage.
Throwing (i - inventory):
b - 28 stones (quivered)
Press: ? - help, Shift-Dir - straight line, f/p - jackal
Aim: a jackal You throw a stone.
The stone hits the jackal but does no damage.
You barely miss the jackal. The jackal barely misses you.
You barely miss the jackal. The jackal completely misses you.
The jackal barely misses you.
You hit the jackal but do no damage. The jackal completely misses you.
You hit the jackal but do no damage. The jackal closely misses you.
The jackal misses you.
You closely miss the jackal. The jackal barely misses you. x2
You barely miss the jackal. The jackal bites you.
You die...

##............
#.............
.#.............
##.#............#
#..#..........#
##.##..........#
#..........#..## .
#..........# ## ...
#()@.......#
.....####(†h.......#
.....(.(...(...#......
.....#(.#...÷..#.....#
... #.##..(.######....
. ... #...## ...# .
..## ##.#.#### ##
###.# .... .((##...###
##...# ...
#.######...###...#


You could see a jackal.

Vanquished Creatures
  A leopard gecko (D:1)
  A giant cockroach (D:1)
  3 goblins (D:1)
  A jackal (D:1)
  2 kobolds (D:1)
  A rat (D:1)
9 creatures vanquished.

Notes
Turn   | Place    | Note
-------+----------+-------------------------------------------
     0 | D:1      | RicoPT the Spriggan Earth Elementalist began the quest for the Orb.
     0 | D:1      | Reached XP level 1. HP: 9/9 MP: 5/5
   841 | D:1      | Reached XP level 2. HP: 6/13 MP: 6/6
   944 | D:1      | Slain by a jackal

Skill      XL: |  1 |
---------------+----+-----
Earth Magic    | 3 |  3.1
Dodging        | |  3.1
Stealth        | |  3.1
Unarmed Combat | |  0.1
Spellcasting   | |  2.6
Transmutations | |  1.3

Action                   || total
-------------------------++-------
Melee: Unarmed           ||    17
       Short sword       ||    29
Throw: Stone             ||    19
Armor: Robe              ||     3
Dodge: Dodged            ||    51
